Sewer Rats vs Coutelas
Created - February 11, 2021 at 19:07
Goals
|
| Sewer Rats |
1 |
1 |
4 |
6 |
| Coutelas |
1 |
2 |
1 |
4 |
|
Shots
|
| Sewer Rats |
9 |
10 |
9 |
28 |
| Coutelas |
8 |
17 |
12 |
37 |
|
1st period
1. Sewer Rats , Vincent Trocheck 14 (Mark Mancari 28, Daniel Carr 30) at 1:59 (PP)
2. Coutelas , Nick Ritchie 24 (Tanner Richard 33, Dustin Kohn 38) at 4:03
Penalties :
Dustin Kohn (MDÉ) for Roughing (Minor) at 0:41, Drake Caggiula (Tol) for Holding (Minor) at 13:16, Nick Ritchie (MDÉ) for Hooking (Minor) at 16:44
2nd period
3. Coutelas , Craig Cunningham 26 (Stefan Matteau 28, Martins Karsums 8) at 11:10
4. Coutelas , Mike Amadio 6 (Teemu Pulkkinen 20, Rhett Rakhshani 10) at 13:29
5. Sewer Rats , Jonathan Marchessault 17 (Joseph Blandisi 14, Joel Edmundson 15) at 13:51
Penalties :
Mike Reilly (MDÉ) for Roughing (Minor) at 4:50, Craig Cunningham (MDÉ) for Hooking (Minor) at 14:19
3rd period
6. Sewer Rats , Joseph Blandisi 19 (Jonathan Marchessault 29, Erik Condra 25) at 1:11
7. Sewer Rats , Joseph Blandisi 20 (Jonathan Marchessault 30) at 1:58
8. Sewer Rats , Vincent Trocheck 15 (Jarred Tinordi 20) at 2:12
9. Sewer Rats , Joseph Blandisi 21 (John Ramage 9, Jonathan Marchessault 31) at 8:36
10. Coutelas , Martins Karsums 10 (Craig Cunningham 25, Stefan Matteau 29) at 11:30
Penalties :
Joel Edmundson (Tol) for Hooking (Minor) at 2:27, Daniel Carr (Tol) for Slashing (Minor) at 8:59, Jarred Tinordi (Tol) for Tripping (Minor) at 11:35, Nick Mattson (MDÉ) for Holding (Minor) at 14:43
Goalie Stats
Darcy Kuemper (Tol), 33 saves from 37 shots - (0.892), W, 8-7-1, 60:00 minutes
Mackenzie Blackwood (MDÉ), 4 saves from 5 shots - (0.800), 17:48 minutes
Joe Cannata (MDÉ), 18 saves from 23 shots - (0.783), L, 19-8-3, 42:12 minutes
Players Stats for Sewer Rats
Player Name G A P +/- PIM S H SB GA TA FO MP PP MP PK MP
------------------------------------------------------------------------------------
Anthony Duclair 0 0 0 -1 0 0 0 1 0 1 0/2 9:04 0:00 0:19
Connor Carrick 0 0 0 0 0 0 0 0 0 0 0/0 4:57 0:00 0:00
Daniel Carr 0 1 1 -2 2 1 2 0 0 0 0/1 23:32 5:33 3:24
Dmitrij Jaskin 0 0 0 -1 0 4 1 0 0 0 0/0 9:23 0:06 0:00
Drake Caggiula 0 0 0 -1 2 0 3 1 0 1 1/2 9:35 0:00 0:47
Erik Condra 0 1 1 4 0 1 1 0 0 0 0/0 16:22 3:35 1:31
Jared McCann 0 0 0 0 0 0 0 0 0 0 0/0 7:48 0:29 0:00
Jarred Tinordi 0 1 1 2 2 1 0 1 1 0 0/0 24:09 5:30 3:45
Joel Edmundson 0 1 1 2 2 1 1 2 1 0 0/0 22:46 5:30 3:37
John Ramage 0 1 1 0 0 2 0 4 0 0 0/0 19:32 3:44 2:58
Jonathan Marchessault 1 3 4 4 0 4 5 0 1 1 4/8 14:46 3:35 0:00
Joseph Blandisi 3 1 4 4 0 5 1 0 0 0 0/0 17:48 3:12 1:53
Mark Mancari 0 1 1 -2 0 2 1 0 0 1 1/2 21:17 5:33 1:31
Nick Cousins 0 0 0 0 0 0 0 0 0 0 0/1 10:38 0:06 1:53
Ryan Murphy 0 0 0 0 0 0 0 1 0 0 0/0 19:32 3:44 2:58
Stefan Elliott 0 0 0 -1 0 0 0 0 0 2 0/0 11:13 0:00 0:00
Thomas Chabot 0 0 0 -1 0 1 0 1 0 0 0/0 13:08 0:00 1:55
Vincent Trocheck 2 0 2 -2 0 5 1 0 4 1 14/32 24:18 5:33 4:32
Xavier Ouellet 0 0 0 0 0 0 0 0 0 0 0/0 5:52 0:00 0:39
Zach Aston-Reese 0 0 0 0 0 1 1 0 0 0 2/4 6:20 0:00 0:02
Players Stats for Coutelas
Player Name G A P +/- PIM S H SB GA TA FO MP PP MP PK MP
------------------------------------------------------------------------------------
Ben Harpur 0 0 0 -3 0 0 0 3 1 0 0/0 27:20 5:13 5:02
Craig Cunningham 1 1 2 -2 2 4 3 0 1 0 0/0 22:02 4:19 2:59
Dustin Kohn 0 1 1 -3 2 2 1 0 0 1 0/0 26:13 5:13 4:50
Julius Honka 0 0 0 1 0 0 3 2 0 1 0/0 15:24 0:00 2:15
Martins Karsums 1 1 2 -2 0 7 2 0 2 0 4/6 23:29 4:27 4:42
Mattias Janmark 0 0 0 0 0 2 1 0 0 0 0/0 7:02 0:00 0:00
Mike Amadio 1 0 1 1 0 3 1 1 0 0 3/3 10:24 0:01 0:00
Mike Reilly 0 0 0 1 2 3 0 3 2 0 0/0 19:13 2:43 3:00
Mikhail Grigorenko 0 0 0 0 0 4 0 0 0 0 2/2 7:46 0:00 0:39
Nick Mattson 0 0 0 1 2 0 1 1 0 0 0/0 19:39 2:43 3:21
Nick Ritchie 1 0 1 0 2 4 3 0 0 1 0/0 16:26 3:28 2:03
Nikita Scherbak 0 0 0 0 0 0 0 0 0 0 0/0 7:02 0:00 0:00
Oliver Bjorkstrand 0 0 0 0 0 1 1 1 0 1 0/0 14:01 3:28 0:00
Patrick Sieloff 0 0 0 1 0 0 2 0 0 0 0/0 12:14 0:00 0:00
Rhett Rakhshani 0 1 1 1 0 2 1 0 0 0 0/1 13:21 0:00 2:33
Stefan Matteau 0 2 2 -2 0 3 1 0 0 2 16/35 23:30 4:27 4:40
Tanner Richard 0 1 1 0 0 0 2 1 1 0 5/5 14:01 3:28 0:00
Teemu Pulkkinen 0 1 1 1 0 2 1 0 0 1 0/0 11:34 0:10 0:52
3 Stars
1 - Joseph Blandisi (Tol)
2 - Jonathan Marchessault (Tol)
3 - Vincent Trocheck (Tol)
Power Play
Sewer Rats - 1 on 5 Attempt(s) - 20.00%
Coutelas - 0 on 4 Attempt(s) - 0.00%
Penalty Kill
Sewer Rats - 4 on 4 Attempt(s) - 100.00%
- Score 0 goal in Penalty Kill
Coutelas - 4 on 5 Attempt(s) - 80.00%
- Score 0 goal in Penalty Kill
Team Stat
Sewer Rats - Hits : 17 - Faceoff Wins : 22 - Blocked Shots : 11 - Penalty Minutes : 8
Coutelas - Hits : 23 - Faceoff Wins : 30 - Blocked Shots : 12 - Penalty Minutes : 10
Official
Referees : Unknown
Linesman : Unknown
Game Notes
Mackenzie Blackwood enters game at 2:12 of 3rd period
Joseph Blandisi has scored a Hat Trick!
Finance
Level 1 -- Attendance: 1282 (64.10%) -- Ticket Income $51,280
Level 2 -- Attendance: 624 (62.40%) -- Ticket Income $12,480
Total Attendance: 1906 (63.53%)
Total Ticket Income: $63,760
Other Income: $3,188
Total Income: $66,948
Sewer Rats
5 vs 5 Forward
Center Left Wing Right Wing Time % Phy DF OF
1 Vincent Trocheck Daniel Carr Mark Mancari 40 1 2 2
2 Jonathan Marchessault Joseph Blandisi Erik Condra 30 1 2 2
3 Drake Caggiula Anthony Duclair Dmitrij Jaskin 20 1 2 2
4 Zach Aston-Reese Jared McCann Nick Cousins 10 1 2 2
5 vs 5 Defense
Defense Defense Time % Phy DF OF
1 Joel Edmundson Jarred Tinordi 35 1 2 2
2 John Ramage Ryan Murphy 30 1 2 2
3 Stefan Elliott Thomas Chabot 25 1 2 2
4 Xavier Ouellet Connor Carrick 10 1 2 2
PowerPlay Forward
Center Left Wing Right Wing Time % Phy DF OF
1 Vincent Trocheck Daniel Carr Mark Mancari 60 1 2 2
2 Jonathan Marchessault Joseph Blandisi Erik Condra 40 1 2 2
PowerPlay Defense
Defense Defense Time % Phy DF OF
1 Joel Edmundson Jarred Tinordi 60 1 2 2
2 John Ramage Ryan Murphy 40 1 2 2
Penalty Kill 4 Players Forward
Center Wing Time % Phy DF OF
1 Vincent Trocheck Daniel Carr 60 1 2 2
2 Mark Mancari Erik Condra 40 1 2 2
Penalty Kill 4 Players Defense
Defense Defense Time % Phy DF OF
1 Joel Edmundson Jarred Tinordi 60 1 2 2
2 John Ramage Ryan Murphy 40 1 2 2
Penalty Kill - 3 Players Forward
Forward Time % Phy DF OF
1 Vincent Trocheck 60 1 2 2
2 Daniel Carr 40 1 2 2
Penalty Kill - 3 Players Defense
Defense Defense Time % Phy DF OF
1 Joel Edmundson Jarred Tinordi 60 1 2 2
2 John Ramage Ryan Murphy 40 1 2 2
4 vs 4 Forward
Center Wing Time % Phy DF OF
1 Vincent Trocheck Daniel Carr 60 1 2 2
2 Mark Mancari Erik Condra 40 1 2 2
4 vs 4 Defense
Defense Defense Time % Phy DF OF
1 Joel Edmundson Jarred Tinordi 60 1 2 2
2 John Ramage Ryan Murphy 40 1 2 2
Last Minutes Offensive
Center Left Wing Right Wing Defense Defense
Vincent Trocheck Daniel Carr Mark Mancari Joel Edmundson Jarred Tinordi
Last Minutes Defensive
Center Left Wing Right Wing Defense Defense
Vincent Trocheck Daniel Carr Mark Mancari Joel Edmundson Jarred Tinordi
Goaltenders
Starting : Darcy Kuemper
Backup : Marek Mazanek
Extra Forwards
Normal : Jared McCann, Dmitrij Jaskin, Nick Cousins - PP : Jared McCann, Dmitrij Jaskin - PK : Nick Cousins
Extra Defensemen
Normal : Connor Carrick, Thomas Chabot, Xavier Ouellet - PP : Connor Carrick - PK : Thomas Chabot, Xavier Ouellet
Penalty Shots
Vincent Trocheck, Daniel Carr, Mark Mancari, Erik Condra, Jonathan Marchessault
Scratches
Dominik Kubalik (Healthy), Josh Archibald (Healthy), Jonathan Racine (Healthy), Tyler Motte (Healthy), Chris Calhan (Healthy)
Mark Friedman (Healthy), Michael Dal Colle (Healthy), Matteson Iacopelli (Healthy), Adin Hill (Healthy), Antoine Bibeau (Healthy)
Coutelas
5 vs 5 Forward
Center Left Wing Right Wing Time % Phy DF OF
1 Stefan Matteau Craig Cunningham Martins Karsums 40 1 2 2
2 Tanner Richard Nick Ritchie Oliver Bjorkstrand 30 1 2 2
3 Mike Amadio Teemu Pulkkinen Rhett Rakhshani 20 1 2 2
4 Mikhail Grigorenko Mattias Janmark Nikita Scherbak 10 1 2 2
5 vs 5 Defense
Defense Defense Time % Phy DF OF
1 Dustin Kohn Ben Harpur 40 1 2 2
2 Nick Mattson Mike Reilly 30 1 2 2
3 Patrick Sieloff Julius Honka 20 1 2 2
4 Dustin Kohn Ben Harpur 10 1 2 2
PowerPlay Forward
Center Left Wing Right Wing Time % Phy DF OF
1 Stefan Matteau Craig Cunningham Martins Karsums 60 1 2 2
2 Tanner Richard Nick Ritchie Oliver Bjorkstrand 40 1 2 2
PowerPlay Defense
Defense Defense Time % Phy DF OF
1 Dustin Kohn Ben Harpur 60 1 2 2
2 Nick Mattson Mike Reilly 40 1 2 2
Penalty Kill 4 Players Forward
Center Wing Time % Phy DF OF
1 Martins Karsums Stefan Matteau 60 1 2 2
2 Craig Cunningham Nick Ritchie 40 1 2 2
Penalty Kill 4 Players Defense
Defense Defense Time % Phy DF OF
1 Dustin Kohn Ben Harpur 60 1 2 2
2 Nick Mattson Mike Reilly 40 1 2 2
Penalty Kill - 3 Players Forward
Forward Time % Phy DF OF
1 Martins Karsums 60 1 2 2
2 Stefan Matteau 40 1 2 2
Penalty Kill - 3 Players Defense
Defense Defense Time % Phy DF OF
1 Dustin Kohn Ben Harpur 60 1 2 2
2 Nick Mattson Mike Reilly 40 1 2 2
4 vs 4 Forward
Center Wing Time % Phy DF OF
1 Martins Karsums Stefan Matteau 60 1 2 2
2 Craig Cunningham Nick Ritchie 40 1 2 2
4 vs 4 Defense
Defense Defense Time % Phy DF OF
1 Dustin Kohn Ben Harpur 60 1 2 2
2 Nick Mattson Mike Reilly 40 1 2 2
Last Minutes Offensive
Center Left Wing Right Wing Defense Defense
Stefan Matteau Craig Cunningham Martins Karsums Dustin Kohn Ben Harpur
Last Minutes Defensive
Center Left Wing Right Wing Defense Defense
Stefan Matteau Craig Cunningham Martins Karsums Dustin Kohn Ben Harpur
Goaltenders
Starting : Joe Cannata
Backup : Mackenzie Blackwood
Extra Forwards
Normal : Teemu Pulkkinen, Mike Amadio, Rhett Rakhshani - PP : Teemu Pulkkinen, Mike Amadio - PK : Rhett Rakhshani
Extra Defensemen
Normal : Patrick Sieloff, Julius Honka, Nick Mattson - PP : Patrick Sieloff - PK : Julius Honka, Nick Mattson
Penalty Shots
Martins Karsums, Stefan Matteau, Craig Cunningham, Nick Ritchie, Tanner Richard
Scratches
Ross Johnston (Healthy), Patrick Russell (Healthy), Myles Bell (Healthy), Zach Whitecloud (Healthy), Petter Granberg (Healthy)
Nick Paul (Healthy), Kurtis Gabriel (Healthy), Duncan Siemens (Healthy), Calle Andersson (Healthy), Clark Bishop (Healthy)
JJ. Piccinich (Healthy), Michael Giugovaz (Healthy)
% Time on Ice - Sewer Rats
Lines # - Real PCT - Wanted PCT - Time Play
Normal Forward
1 - 37% - 40% - 15:55
2 - 28% - 30% - 12:11
3 - 20% - 20% - 8:27
4 - 15% - 10% - 6:17
Normal Defense
1 - 32% - 35% - 13:50
2 - 30% - 30% - 12:50
3 - 26% - 25% - 11:13
4 - 12% - 10% - 4:57
PP Forward
1 - 61% - 60% - 5:39
2 - 39% - 40% - 3:35
PP Defense
1 - 60% - 60% - 5:30
2 - 40% - 40% - 3:44
PK Forward
1 - 81% - 60% - 6:25
2 - 19% - 40% - 1:31
PK Defense
1 - 63% - 60% - 4:58
2 - 37% - 40% - 2:58
PK3 Forward
1 - 0% - 60%
2 - 0% - 40%
PK3 Defense
1 - 0% - 60%
2 - 0% - 40%
44 Forward
1 - 0% - 60%
2 - 0% - 40%
44 Defense
1 - 0% - 60%
2 - 0% - 40%
Last Minute Offensive - 0:00
Last Minute Defensive - 0:00
Total
Forward - 60:00
Defense - 60:00
|
% Time on Ice - Coutelas
Lines # - Real PCT - Wanted PCT - Time Play
Normal Forward
1 - 34% - 40% - 14:31
2 - 26% - 30% - 10:56
3 - 24% - 20% - 10:21
4 - 16% - 10% - 7:02
Normal Defense
1 - 38% - 40% - 16:23
2 - 32% - 30% - 13:31
3 - 29% - 20% - 12:14
4 - 2% - 10% - 0:42
PP Forward
1 - 56% - 60% - 4:28
2 - 44% - 40% - 3:28
PP Defense
1 - 66% - 60% - 5:13
2 - 34% - 40% - 2:43
PK Forward
1 - 71% - 60% - 6:34
2 - 29% - 40% - 2:40
PK Defense
1 - 55% - 60% - 5:02
2 - 45% - 40% - 4:12
PK3 Forward
1 - 0% - 60%
2 - 0% - 40%
PK3 Defense
1 - 0% - 60%
2 - 0% - 40%
44 Forward
1 - 0% - 60%
2 - 0% - 40%
44 Defense
1 - 0% - 60%
2 - 0% - 40%
Last Minute Offensive - 0:00
Last Minute Defensive - 0:00
Total
Forward - 60:00
Defense - 60:00
|
Play-by-Play
1st period
0:01 of 1st period - Vincent Trocheck wins face-off versus Stefan Matteau in neutral zone.
0:41 of 1st period - Minor Penalty to Dustin Kohn for Roughing.
0:42 of 1st period - Martins Karsums wins face-off versus Vincent Trocheck in Coutelas zone.
1:14 of 1st period - Slapshot by Daniel Carr.
1:14 of 1st period - Shot Misses the Net.
1:28 of 1st period - Snap shot by Vincent Trocheck.
1:28 of 1st period - Shot Blocked by Mike Reilly.
1:30 of 1st period - Slapshot by Jarred Tinordi.
1:30 of 1st period - Shot Blocked by Mike Reilly.
1:32 of 1st period - Backhand shot by Mark Mancari.
1:32 of 1st period - Shot Blocked by Nick Mattson.
1:34 of 1st period - Snap shot by Vincent Trocheck.
1:34 of 1st period - Shot Misses the Net.
1:59 of 1st period - Wrist shot by Vincent Trocheck.
1:59 of 1st period - Goal by Vincent Trocheck - Sewer Rats : 1 - Coutelas : 0.
2:00 of 1st period - Drake Caggiula wins face-off versus Stefan Matteau in neutral zone.
2:26 of 1st period - John Ramage is hit by Teemu Pulkkinen and loses puck.
2:35 of 1st period - Slapshot by Rhett Rakhshani.
2:35 of 1st period - Shot Blocked by John Ramage.
2:37 of 1st period - Wrist shot by Rhett Rakhshani.
2:37 of 1st period - Stopped by Darcy Kuemper with a rebound.
2:51 of 1st period - Jared McCann is hit by Tanner Richard and loses puck.
2:56 of 1st period - Snap shot by Nick Ritchie.
2:56 of 1st period - Stopped by Darcy Kuemper with a rebound.
3:30 of 1st period - Wrist shot by Erik Condra.
3:30 of 1st period - Stopped by Joe Cannata without a rebound.
3:31 of 1st period - Jonathan Marchessault wins face-off versus Stefan Matteau in Coutelas zone.
3:56 of 1st period - Stefan Elliott is hit by Nick Ritchie and loses puck.
4:03 of 1st period - Slapshot by Nick Ritchie.
4:03 of 1st period - Goal by Nick Ritchie - Sewer Rats : 1 - Coutelas : 1.
4:04 of 1st period - Vincent Trocheck wins face-off versus Rhett Rakhshani in neutral zone.
4:18 of 1st period - Snap shot by Teemu Pulkkinen.
4:18 of 1st period - Shot Blocked by Joel Edmundson.
4:20 of 1st period - Slapshot by Teemu Pulkkinen.
4:20 of 1st period - Stopped by Darcy Kuemper with a rebound.
5:23 of 1st period - Wrist shot by Erik Condra.
5:23 of 1st period - Shot Misses the Net.
5:25 of 1st period - Slapshot by Stefan Elliott.
5:25 of 1st period - Shot Misses the Net.
5:27 of 1st period - Wrist shot by Stefan Elliott.
5:27 of 1st period - Shot Blocked by Julius Honka.
5:29 of 1st period - Wrist shot by Joseph Blandisi.
5:29 of 1st period - Shot Misses the Net.
5:35 of 1st period - Slapshot by Erik Condra.
5:35 of 1st period - Shot Misses the Net.
5:37 of 1st period - Wrist shot by Jonathan Marchessault.
5:37 of 1st period - Shot Misses the Net.
5:39 of 1st period - Slapshot by Stefan Elliott.
5:39 of 1st period - Shot Blocked by Julius Honka.
5:41 of 1st period - Snap shot by Joseph Blandisi.
5:41 of 1st period - Stopped by Joe Cannata with a rebound.
5:43 of 1st period - Slapshot by Thomas Chabot.
5:43 of 1st period - Shot Misses the Net.
5:45 of 1st period - Slapshot by Jonathan Marchessault.
5:45 of 1st period - Stopped by Joe Cannata without a rebound.
5:46 of 1st period - Mark Mancari wins face-off versus Stefan Matteau in Coutelas zone.
6:39 of 1st period - Nikita Scherbak is hit by Drake Caggiula.
6:45 of 1st period - Snap shot by Dmitrij Jaskin.
6:45 of 1st period - Stopped by Joe Cannata with a rebound.
7:17 of 1st period - Snap shot by Martins Karsums.
7:17 of 1st period - Shot Misses the Net.
7:19 of 1st period - Snap shot by Craig Cunningham.
7:19 of 1st period - Stopped by Darcy Kuemper with a rebound.
7:59 of 1st period - Snap shot by Anthony Duclair.
7:59 of 1st period - Shot Blocked by Mike Amadio.
8:01 of 1st period - Snap shot by Anthony Duclair.
8:01 of 1st period - Shot Misses the Net.
8:03 of 1st period - Wrist shot by Xavier Ouellet.
8:03 of 1st period - Shot Misses the Net.
8:27 of 1st period - Wrist shot by Mikhail Grigorenko.
8:27 of 1st period - Stopped by Darcy Kuemper without a rebound.
8:28 of 1st period - Zach Aston-Reese wins face-off versus Stefan Matteau in Sewer Rats zone.
9:46 of 1st period - Snap shot by Dmitrij Jaskin.
9:46 of 1st period - Stopped by Joe Cannata with a rebound.
9:48 of 1st period - Wrist shot by Anthony Duclair.
9:48 of 1st period - Deflect By Nick Mattson.
9:48 of 1st period - Shot Blocked by Mike Reilly.
9:48 of 1st period - Puck is out of play.
9:49 of 1st period - Stefan Matteau wins face-off versus Vincent Trocheck in Coutelas zone.
10:45 of 1st period - Tanner Richard is hit by Drake Caggiula and loses puck.
10:50 of 1st period - Snap shot by Dmitrij Jaskin.
10:50 of 1st period - Shot Misses the Net.
10:52 of 1st period - Backhand shot by Joel Edmundson.
10:52 of 1st period - Stopped by Joe Cannata without a rebound.
10:53 of 1st period - Stefan Matteau wins face-off versus Vincent Trocheck in Coutelas zone.
11:08 of 1st period - Martins Karsums is hit by Vincent Trocheck.
11:20 of 1st period - Dustin Kohn is hit by Jonathan Marchessault and loses puck.
12:11 of 1st period - Jared McCann is hit by Patrick Sieloff and loses puck.
12:30 of 1st period - Snap shot by Craig Cunningham.
12:30 of 1st period - Stopped by Darcy Kuemper with a rebound.
12:32 of 1st period - Slapshot by Martins Karsums.
12:32 of 1st period - Stopped by Darcy Kuemper with a rebound.
12:46 of 1st period - Nick Mattson is hit by Jonathan Marchessault and loses puck.
13:16 of 1st period - Minor Penalty to Drake Caggiula for Holding.
13:17 of 1st period - Stefan Matteau wins face-off versus Vincent Trocheck in Sewer Rats zone.
13:32 of 1st period - Icing by Stefan Matteau.
13:33 of 1st period - Vincent Trocheck wins face-off versus Stefan Matteau in Coutelas zone.
13:48 of 1st period - Backhand shot by Daniel Carr.
13:48 of 1st period - Shot Hit the Post.
14:18 of 1st period - Craig Cunningham is hit by Joel Edmundson and loses puck.
15:16 of 1st period - Penalty to Drake Caggiula is over, Drake Caggiula is back on ice.
15:31 of 1st period - Slapshot by Thomas Chabot.
15:31 of 1st period - Stopped by Joe Cannata without a rebound.
15:32 of 1st period - Mike Amadio wins face-off versus Zach Aston-Reese in Coutelas zone.
15:32 of 1st period - Mike Amadio is hit by Zach Aston-Reese.
15:40 of 1st period - Icing by Zach Aston-Reese.
15:41 of 1st period - Mikhail Grigorenko wins face-off versus Zach Aston-Reese in Sewer Rats zone.
15:54 of 1st period - Snap shot by Mikhail Grigorenko.
15:54 of 1st period - Shot Misses the Net.
15:56 of 1st period - Slapshot by Julius Honka.
15:56 of 1st period - Shot Hit the Post.
16:32 of 1st period - Snap shot by Joseph Blandisi.
16:32 of 1st period - Stopped by Joe Cannata with a rebound.
16:34 of 1st period - Wrist shot by Jonathan Marchessault.
16:34 of 1st period - Shot Misses the Net.
16:36 of 1st period - Snap shot by Stefan Elliott.
16:36 of 1st period - Shot Blocked by Ben Harpur.
16:38 of 1st period - Slapshot by Stefan Elliott.
16:38 of 1st period - Shot Misses the Net.
16:44 of 1st period - Minor Penalty to Nick Ritchie for Hooking.
16:45 of 1st period - Martins Karsums wins face-off versus Vincent Trocheck in Coutelas zone.
17:12 of 1st period - Dustin Kohn is hit by Jonathan Marchessault and loses puck.
17:55 of 1st period - Mike Reilly is hit by Jonathan Marchessault and loses puck.
18:44 of 1st period - Penalty to Nick Ritchie is over, Nick Ritchie is back on ice.
19:14 of 1st period - Xavier Ouellet is hit by Mattias Janmark and loses puck.
19:21 of 1st period - Snap shot by Dmitrij Jaskin.
19:21 of 1st period - Shot Misses the Net.
Goals for this period are 1 for Sewer Rats vs 1 for Coutelas.
Shots for this period are 9 for Sewer Rats vs 8 for Coutelas.
2nd period
0:01 of 2nd period - Stefan Matteau wins face-off versus Vincent Trocheck in neutral zone.
0:12 of 2nd period - Backhand shot by Daniel Carr.
0:12 of 2nd period - Stopped by Joe Cannata without a rebound.
0:13 of 2nd period - Stefan Matteau wins face-off versus Vincent Trocheck in Coutelas zone.
0:28 of 2nd period - Joel Edmundson is hit by Dustin Kohn and loses puck.
0:39 of 2nd period - Ben Harpur is hit by Jonathan Marchessault and loses puck.
1:02 of 2nd period - Dustin Kohn is hit by Drake Caggiula.
1:31 of 2nd period - Thomas Chabot is hit by Stefan Matteau and loses puck.
1:47 of 2nd period - Daniel Carr is hit by Julius Honka and loses puck.
2:48 of 2nd period - Slapshot by Mike Reilly.
2:48 of 2nd period - Stopped by Darcy Kuemper with a rebound.
3:02 of 2nd period - Mattias Janmark is hit by Mark Mancari.
3:27 of 2nd period - Erik Condra is hit by Craig Cunningham and loses puck.
3:36 of 2nd period - Wrist shot by Martins Karsums.
3:36 of 2nd period - Stopped by Darcy Kuemper with a rebound.
3:38 of 2nd period - Slapshot by Martins Karsums.
3:38 of 2nd period - Shot Misses the Net.
3:48 of 2nd period - Erik Condra is hit by Mike Amadio and loses puck.
3:59 of 2nd period - Slapshot by Dustin Kohn.
3:59 of 2nd period - Stopped by Darcy Kuemper with a rebound.
4:01 of 2nd period - Wrist shot by Rhett Rakhshani.
4:01 of 2nd period - Shot Blocked by John Ramage.
4:17 of 2nd period - Snap shot by Dmitrij Jaskin.
4:17 of 2nd period - Stopped by Joe Cannata with a rebound.
4:19 of 2nd period - Snap shot by John Ramage.
4:19 of 2nd period - Shot Misses the Net.
4:21 of 2nd period - Snap shot by Dmitrij Jaskin.
4:21 of 2nd period - Stopped by Joe Cannata without a rebound.
4:22 of 2nd period - Vincent Trocheck wins face-off versus Stefan Matteau in Coutelas zone.
4:50 of 2nd period - Minor Penalty to Mike Reilly for Roughing.
4:51 of 2nd period - Vincent Trocheck wins face-off versus Martins Karsums in Coutelas zone.
5:18 of 2nd period - Martins Karsums is hit by Erik Condra and loses puck.
6:16 of 2nd period - Jonathan Marchessault is hit by Nick Ritchie and loses puck.
6:50 of 2nd period - Penalty to Mike Reilly is over, Mike Reilly is back on ice.
7:01 of 2nd period - Snap shot by Nick Ritchie.
7:01 of 2nd period - Deflect By Oliver Bjorkstrand.
7:01 of 2nd period - Shot Blocked by Joel Edmundson.
7:01 of 2nd period - Puck is out of play.
7:02 of 2nd period - Tanner Richard wins face-off versus Anthony Duclair in Sewer Rats zone.
7:11 of 2nd period - Slapshot by Tanner Richard.
7:11 of 2nd period - Shot Blocked by Drake Caggiula.
7:17 of 2nd period - Snap shot by Tanner Richard.
7:17 of 2nd period - Deflect By Nick Ritchie.
7:17 of 2nd period - Stopped by Darcy Kuemper with a rebound.
7:26 of 2nd period - Icing by Anthony Duclair.
7:27 of 2nd period - Zach Aston-Reese wins face-off versus Stefan Matteau in Sewer Rats zone.
7:27 of 2nd period - Zach Aston-Reese is hit by Craig Cunningham.
7:43 of 2nd period - Snap shot by Zach Aston-Reese.
7:43 of 2nd period - Stopped by Joe Cannata with a rebound.
8:56 of 2nd period - Wrist shot by Teemu Pulkkinen.
8:56 of 2nd period - Stopped by Darcy Kuemper with a rebound.
8:58 of 2nd period - Snap shot by Rhett Rakhshani.
8:58 of 2nd period - Shot Misses the Net.
9:00 of 2nd period - Snap shot by Rhett Rakhshani.
9:00 of 2nd period - Deflect By Teemu Pulkkinen.
9:00 of 2nd period - Shot Blocked by Ryan Murphy.
9:00 of 2nd period - Puck is out of play.
9:01 of 2nd period - Stefan Matteau wins face-off versus Vincent Trocheck in Sewer Rats zone.
9:06 of 2nd period - Wrist shot by Martins Karsums.
9:06 of 2nd period - Stopped by Darcy Kuemper with a rebound.
9:12 of 2nd period - Thomas Chabot is hit by Craig Cunningham and loses puck.
9:31 of 2nd period - Dmitrij Jaskin is hit by Patrick Sieloff and loses puck.
9:36 of 2nd period - Slapshot by Martins Karsums.
9:36 of 2nd period - Shot Misses the Net.
9:40 of 2nd period - Snap shot by Stefan Matteau.
9:40 of 2nd period - Stopped by Darcy Kuemper with a rebound.
9:50 of 2nd period - Ryan Murphy is hit by Julius Honka and loses puck.
10:45 of 2nd period - Julius Honka is hit by Daniel Carr and loses puck.
11:04 of 2nd period - Snap shot by Martins Karsums.
11:04 of 2nd period - Stopped by Darcy Kuemper with a rebound.
11:08 of 2nd period - Snap shot by Stefan Matteau.
11:08 of 2nd period - Shot Misses the Net.
11:10 of 2nd period - Wrist shot by Craig Cunningham.
11:10 of 2nd period - Goal by Craig Cunningham - Sewer Rats : 1 - Coutelas : 2.
11:11 of 2nd period - Tanner Richard wins face-off versus Jonathan Marchessault in neutral zone.
11:16 of 2nd period - Wrist shot by Oliver Bjorkstrand.
11:16 of 2nd period - Shot Misses the Net.
11:38 of 2nd period - Jarred Tinordi is hit by Rhett Rakhshani and loses puck.
12:08 of 2nd period - Slapshot by Dustin Kohn.
12:08 of 2nd period - Shot Misses the Net.
12:32 of 2nd period - Wrist shot by Vincent Trocheck.
12:32 of 2nd period - Stopped by Joe Cannata without a rebound.
12:33 of 2nd period - Mike Amadio wins face-off versus Vincent Trocheck in Coutelas zone.
12:48 of 2nd period - Wrist shot by Vincent Trocheck.
12:48 of 2nd period - Stopped by Joe Cannata with a rebound.
13:05 of 2nd period - Snap shot by Teemu Pulkkinen.
13:05 of 2nd period - Shot Misses the Net.
13:07 of 2nd period - Wrist shot by Rhett Rakhshani.
13:07 of 2nd period - Shot Misses the Net.
13:09 of 2nd period - Snap shot by Mike Amadio.
13:09 of 2nd period - Stopped by Darcy Kuemper with a rebound.
13:13 of 2nd period - Snap shot by Rhett Rakhshani.
13:13 of 2nd period - Stopped by Darcy Kuemper with a rebound.
13:27 of 2nd period - Wrist shot by Teemu Pulkkinen.
13:27 of 2nd period - Shot Misses the Net.
13:29 of 2nd period - Wrist shot by Mike Amadio.
13:29 of 2nd period - Goal by Mike Amadio - Sewer Rats : 1 - Coutelas : 3.
13:30 of 2nd period - Jonathan Marchessault wins face-off versus Stefan Matteau in neutral zone.
13:39 of 2nd period - Snap shot by Jonathan Marchessault.
13:39 of 2nd period - Stopped by Joe Cannata without a rebound.
13:40 of 2nd period - Jonathan Marchessault wins face-off versus Stefan Matteau in Coutelas zone.
13:49 of 2nd period - Wrist shot by Joseph Blandisi.
13:49 of 2nd period - Shot Misses the Net.
13:51 of 2nd period - Snap shot by Joseph Blandisi.
13:51 of 2nd period - Deflect By Jonathan Marchessault.
13:51 of 2nd period - Goal by Jonathan Marchessault - Sewer Rats : 2 - Coutelas : 3.
13:52 of 2nd period - Vincent Trocheck wins face-off versus Stefan Matteau in neutral zone.
13:57 of 2nd period - Slapshot by Mark Mancari.
13:57 of 2nd period - Stopped by Joe Cannata without a rebound.
13:58 of 2nd period - Vincent Trocheck wins face-off versus Stefan Matteau in Coutelas zone.
14:09 of 2nd period - Snap shot by Mark Mancari.
14:09 of 2nd period - Shot Misses the Net.
14:11 of 2nd period - Snap shot by Jarred Tinordi.
14:11 of 2nd period - Shot Blocked by Ben Harpur.
14:19 of 2nd period - Minor Penalty to Craig Cunningham for Hooking.
14:20 of 2nd period - Stefan Matteau wins face-off versus Vincent Trocheck in Coutelas zone.
14:35 of 2nd period - Wrist shot by Vincent Trocheck.
14:35 of 2nd period - Stopped by Joe Cannata with a rebound.
14:53 of 2nd period - Dustin Kohn is hit by Joseph Blandisi and loses puck.
16:14 of 2nd period - John Ramage is hit by Nick Mattson and loses puck.
16:19 of 2nd period - Penalty to Craig Cunningham is over, Craig Cunningham is back on ice.
18:25 of 2nd period - Snap shot by Teemu Pulkkinen.
18:25 of 2nd period - Deflect By Mike Amadio.
18:25 of 2nd period - Deflect By Joseph Blandisi.
18:25 of 2nd period - Stopped by Darcy Kuemper with a rebound.
18:27 of 2nd period - Slapshot by Dustin Kohn.
18:27 of 2nd period - Deflect By Erik Condra.
18:27 of 2nd period - Stopped by Darcy Kuemper with a rebound.
18:43 of 2nd period - Icing by Vincent Trocheck.
18:44 of 2nd period - Stefan Matteau wins face-off versus Vincent Trocheck in Sewer Rats zone.
18:45 of 2nd period - Wrist shot by Martins Karsums.
18:45 of 2nd period - Shot Misses the Net.
18:47 of 2nd period - Slapshot by Mike Reilly.
18:47 of 2nd period - Stopped by Darcy Kuemper with a rebound.
18:51 of 2nd period - Slapshot by Stefan Matteau.
18:51 of 2nd period - Stopped by Darcy Kuemper with a rebound.
18:53 of 2nd period - Snap shot by Stefan Matteau.
18:53 of 2nd period - Stopped by Darcy Kuemper without a rebound.
18:54 of 2nd period - Stefan Matteau wins face-off versus Jonathan Marchessault in Sewer Rats zone.
19:37 of 2nd period - Icing by Joel Edmundson.
19:38 of 2nd period - Mike Amadio wins face-off versus Vincent Trocheck in Sewer Rats zone.
19:57 of 2nd period - Wrist shot by Joel Edmundson.
19:57 of 2nd period - Shot Misses the Net.
19:59 of 2nd period - Slapshot by Jarred Tinordi.
19:59 of 2nd period - Deflect By Vincent Trocheck.
19:59 of 2nd period - Shot Misses the Net.
19:59 of 2nd period - Puck is out of play.
Goals for this period are 1 for Sewer Rats vs 2 for Coutelas.
Shots for this period are 10 for Sewer Rats vs 17 for Coutelas.
3rd period
0:01 of 3rd period - Stefan Matteau wins face-off versus Vincent Trocheck in neutral zone.
0:16 of 3rd period - Wrist shot by Craig Cunningham.
0:16 of 3rd period - Shot Misses the Net.
0:28 of 3rd period - Icing by Oliver Bjorkstrand.
0:29 of 3rd period - Tanner Richard wins face-off versus Jonathan Marchessault in Coutelas zone.
1:01 of 3rd period - Icing by Jonathan Marchessault.
1:02 of 3rd period - Jonathan Marchessault wins face-off versus Stefan Matteau in Sewer Rats zone.
1:11 of 3rd period - Slapshot by Joseph Blandisi.
1:11 of 3rd period - Goal by Joseph Blandisi - Sewer Rats : 3 - Coutelas : 3.
1:12 of 3rd period - Stefan Matteau wins face-off versus Mark Mancari in neutral zone.
1:17 of 3rd period - Slapshot by Martins Karsums.
1:17 of 3rd period - Stopped by Darcy Kuemper with a rebound.
1:46 of 3rd period - Slapshot by John Ramage.
1:46 of 3rd period - Stopped by Joe Cannata without a rebound.
1:47 of 3rd period - Stefan Matteau wins face-off versus Jonathan Marchessault in Coutelas zone.
1:58 of 3rd period - Wrist shot by Joseph Blandisi.
1:58 of 3rd period - Goal by Joseph Blandisi - Sewer Rats : 4 - Coutelas : 3.
1:59 of 3rd period - Vincent Trocheck wins face-off versus Stefan Matteau in neutral zone.
2:12 of 3rd period - Slapshot by Vincent Trocheck.
2:12 of 3rd period - Goal by Vincent Trocheck - Sewer Rats : 5 - Coutelas : 3.
2:12 of 3rd period - Mackenzie Blackwood enters game.
2:13 of 3rd period - Vincent Trocheck wins face-off versus Stefan Matteau in neutral zone.
2:27 of 3rd period - Minor Penalty to Joel Edmundson for Hooking.
2:28 of 3rd period - Vincent Trocheck wins face-off versus Stefan Matteau in Sewer Rats zone.
2:40 of 3rd period - Vincent Trocheck is hit by Martins Karsums and loses puck.
3:02 of 3rd period - Icing by Tanner Richard.
3:03 of 3rd period - Tanner Richard wins face-off versus Vincent Trocheck in Coutelas zone.
3:11 of 3rd period - Off-side.
3:12 of 3rd period - Martins Karsums wins face-off versus Vincent Trocheck in neutral zone.
3:15 of 3rd period - Jarred Tinordi is hit by Martins Karsums and loses puck.
3:44 of 3rd period - Slapshot by Mike Reilly.
3:44 of 3rd period - Stopped by Darcy Kuemper with a rebound.
3:46 of 3rd period - Slapshot by Tanner Richard.
3:46 of 3rd period - Shot Blocked by Jarred Tinordi.
3:48 of 3rd period - Wrist shot by Oliver Bjorkstrand.
3:48 of 3rd period - Stopped by Darcy Kuemper with a rebound.
4:18 of 3rd period - Slapshot by Ryan Murphy.
4:18 of 3rd period - Shot Misses the Net.
4:20 of 3rd period - Slapshot by Jarred Tinordi.
4:20 of 3rd period - Stopped by Mackenzie Blackwood without a rebound.
4:21 of 3rd period - Tanner Richard wins face-off versus Nick Cousins in Coutelas zone.
4:27 of 3rd period - Penalty to Joel Edmundson is over, Joel Edmundson is back on ice.
5:00 of 3rd period - Snap shot by Mikhail Grigorenko.
5:00 of 3rd period - Shot Misses the Net.
5:02 of 3rd period - Wrist shot by Mattias Janmark.
5:02 of 3rd period - Shot Misses the Net.
5:04 of 3rd period - Slapshot by Mattias Janmark.
5:04 of 3rd period - Stopped by Darcy Kuemper with a rebound.
5:06 of 3rd period - Snap shot by Mikhail Grigorenko.
5:06 of 3rd period - Stopped by Darcy Kuemper with a rebound.
5:22 of 3rd period - John Ramage is hit by Nick Ritchie and loses puck.
8:20 of 3rd period - Snap shot by Vincent Trocheck.
8:20 of 3rd period - Shot Misses the Net.
8:30 of 3rd period - Snap shot by Jonathan Marchessault.
8:30 of 3rd period - Stopped by Mackenzie Blackwood with a rebound.
8:32 of 3rd period - Slapshot by John Ramage.
8:32 of 3rd period - Shot Blocked by Tanner Richard.
8:34 of 3rd period - Snap shot by Joseph Blandisi.
8:34 of 3rd period - Shot Blocked by Oliver Bjorkstrand.
8:36 of 3rd period - Snap shot by Joseph Blandisi.
8:36 of 3rd period - Goal by Joseph Blandisi - Sewer Rats : 6 - Coutelas : 3.
8:37 of 3rd period - Stefan Matteau wins face-off versus Vincent Trocheck in neutral zone.
8:59 of 3rd period - Minor Penalty to Daniel Carr for Slashing.
9:00 of 3rd period - Vincent Trocheck wins face-off versus Stefan Matteau in Sewer Rats zone.
9:26 of 3rd period - Joel Edmundson is hit by Tanner Richard and loses puck.
10:42 of 3rd period - Icing by Dustin Kohn.
10:43 of 3rd period - Vincent Trocheck wins face-off versus Stefan Matteau in Coutelas zone.
10:59 of 3rd period - Penalty to Daniel Carr is over, Daniel Carr is back on ice.
11:01 of 3rd period - Jarred Tinordi is hit by Oliver Bjorkstrand and loses puck.
11:16 of 3rd period - Wrist shot by Mikhail Grigorenko.
11:16 of 3rd period - Deflect By Daniel Carr.
11:16 of 3rd period - Stopped by Darcy Kuemper without a rebound.
11:17 of 3rd period - Mikhail Grigorenko wins face-off versus Drake Caggiula in Sewer Rats zone.
11:20 of 3rd period - Slapshot by Mikhail Grigorenko.
11:20 of 3rd period - Stopped by Darcy Kuemper with a rebound.
11:22 of 3rd period - Wrist shot by Mikhail Grigorenko.
11:22 of 3rd period - Deflect By Mattias Janmark.
11:22 of 3rd period - Stopped by Darcy Kuemper without a rebound.
11:23 of 3rd period - Stefan Matteau wins face-off versus Anthony Duclair in Sewer Rats zone.
11:26 of 3rd period - Snap shot by Craig Cunningham.
11:26 of 3rd period - Stopped by Darcy Kuemper with a rebound.
11:28 of 3rd period - Snap shot by Martins Karsums.
11:28 of 3rd period - Stopped by Darcy Kuemper with a rebound.
11:30 of 3rd period - Snap shot by Martins Karsums.
11:30 of 3rd period - Goal by Martins Karsums - Sewer Rats : 6 - Coutelas : 4.
11:31 of 3rd period - Stefan Matteau wins face-off versus Vincent Trocheck in neutral zone.
11:35 of 3rd period - Minor Penalty to Jarred Tinordi for Tripping.
11:36 of 3rd period - Vincent Trocheck wins face-off versus Martins Karsums in Sewer Rats zone.
12:09 of 3rd period - Wrist shot by Nick Ritchie.
12:09 of 3rd period - Stopped by Darcy Kuemper with a rebound.
12:11 of 3rd period - Slapshot by Tanner Richard.
12:11 of 3rd period - Shot Blocked by John Ramage.
13:35 of 3rd period - Penalty to Jarred Tinordi is over, Jarred Tinordi is back on ice.
13:52 of 3rd period - Snap shot by Mattias Janmark.
13:52 of 3rd period - Shot Blocked by John Ramage.
14:21 of 3rd period - Thomas Chabot is hit by Julius Honka and loses puck.
14:39 of 3rd period - Snap shot by Jarred Tinordi.
14:39 of 3rd period - Deflect By Joseph Blandisi.
14:39 of 3rd period - Shot Misses the Net.
14:39 of 3rd period - Puck is out of play.
14:40 of 3rd period - Vincent Trocheck wins face-off versus Stefan Matteau in Coutelas zone.
14:41 of 3rd period - Wrist shot by Daniel Carr.
14:41 of 3rd period - Shot Hit the Post.
14:43 of 3rd period - Minor Penalty to Nick Mattson for Holding.
14:44 of 3rd period - Martins Karsums wins face-off versus Daniel Carr in Coutelas zone.
14:53 of 3rd period - Slapshot by John Ramage.
14:53 of 3rd period - Shot Blocked by Ben Harpur.
14:55 of 3rd period - Wrist shot by Mark Mancari.
14:55 of 3rd period - Stopped by Mackenzie Blackwood with a rebound.
14:57 of 3rd period - Wrist shot by John Ramage.
14:57 of 3rd period - Stopped by Mackenzie Blackwood with a rebound.
16:43 of 3rd period - Penalty to Nick Mattson is over, Nick Mattson is back on ice.
16:53 of 3rd period - Tanner Richard is hit by Dmitrij Jaskin and loses puck.
18:58 of 3rd period - Wrist shot by Rhett Rakhshani.
18:58 of 3rd period - Shot Blocked by Anthony Duclair.
19:13 of 3rd period - Icing by Nick Mattson.
19:14 of 3rd period - Stefan Matteau wins face-off versus Vincent Trocheck in Coutelas zone.
19:14 of 3rd period - Stefan Matteau is hit by Daniel Carr.
19:34 of 3rd period - Slapshot by Nick Mattson.
19:34 of 3rd period - Shot Blocked by Thomas Chabot.
Goals for this period are 4 for Sewer Rats vs 1 for Coutelas.
Shots for this period are 9 for Sewer Rats vs 12 for Coutelas.